 Dungeon Crawl Stone Soup version 0.26.1-11-gd32895ea62 (webtiles) character file.

Game seed: 12045885049121417867

10747 Almogavar the Carver (level 11, -1/101 HPs)
             Began as a Minotaur Berserker on Apr 18, 2021.
             Was a High Priest of Trog.
             Slain by a meliai
             ... wielding a +0 war axe
              (7 damage)
             ... on level 11 of the Dungeon.
             The game lasted 00:31:03 (9182 turns).

Almogavar the Carver (Minotaur Berserker)           Turns: 9182, Time: 00:31:03

Health: -1/101     AC: 16    Str: 28    XL:     11   Next: 40%
Magic:  10/10      EV: 15    Int:  4    God:    Trog [*****.]
Gold:   667        SH:  0    Dex: 12    Spells: 10/10 levels left

rFire    + . .     SeeInvis +   a - +1 falchion
rCold    . . .     Faith    .   (no shield)
rNeg     + . .     Spirit   .   L - +0 acid dragon scales
rPois    +         Reflect  .   P - +2 hat {SInv}
rElec    .         Harm     .   D - +2 ratskin cloak {*Rats rPois rN+ Str-1 Int-1 Dex+1}
rCorr    +         Rampage  .   A - +0 pair of gloves
Will     .....                  i - +0 pair of boots
Stlth    ++........             s - amulet of regeneration
HPRegen  0.66/turn              K - ring of protection from fire
MPRegen  0.12/turn              z - +6 ring of strength

@: berserk cooldown, slowed, very slow
A: retaliatory headbutt, horns 2
a: Renounce Religion, Berserk, Trog's Hand, Brothers in Arms


You were on level 11 of the Dungeon.
You worshipped Trog.
Trog was extremely pleased with you.
You visited 1 branch of the dungeon, and saw 11 of its levels.

You collected 667 gold pieces.

Inventory:

Hand Weapons
 a - a +1 falchion (weapon)
 m - a +0 hunting sling
 E - a +4 trident
 J - a +1 vorpal longbow
 Q - a +1 demon trident of electrocution
Missiles
 n - 83 sling bullets
 p - 273 stones
 O - 38 arrows
Armour
 i - a +0 pair of boots (worn)
 w - a +0 ring mail
 A - a +0 pair of gloves (worn)
 D - the +2 ratskin cloak (worn) {*Rats rPois rN+ Str-1 Int-1 Dex+1}
   (You found it on level 5 of the Dungeon)

   It affects your strength (-1).
   It affects your intelligence (-1).
   It affects your dexterity (+1).
   It protects you from poison.
   It protects you from negative energy.
 F - a +0 chain mail
 H - a +0 buckler
 L - +0 acid dragon scales (worn)
 P - a +2 hat of see invisible (worn)
Jewellery
 d - a +6 ring of intelligence
 s - an amulet of regeneration (around neck)
 z - a +6 ring of strength (right hand)
 K - a ring of protection from fire (left hand)
Wands
 b - a wand of disintegration (19)
 l - a wand of polymorph (9)
 o - a wand of iceblast (10)
 q - a wand of flame (43)
 u - a wand of paralysis (7)
 B - a wand of enslavement (6)
 M - a wand of random effects (12)
Scrolls
 c - 2 scrolls of blinking
 g - a scroll of enchant weapon
 h - 5 scrolls of teleportation
 k - 4 scrolls of magic mapping
 r - a scroll of random uselessness
 t - 9 scrolls of remove curse
 y - a scroll of enchant armour {unknown}
Potions
 e - 5 potions of haste
 f - 4 potions of might
 j - 4 potions of curing
 v - 3 potions of ambrosia
 C - 4 potions of invisibility
 G - a potion of magic {unknown}
 I - 2 potions of degeneration {unknown}
 N - 2 potions of flight {unknown}


   Skills:
 + Level 10.4 Fighting
 + Level 13.9 Long Blades
 + Level 5.2 Slings
 + Level 9.1 Armour
 + Level 7.1 Dodging
 - Level 2.0 Stealth


You had 10 spell levels left.
You didn't know any spells.
Your spell library was empty.

Dungeon Overview and Level Annotations

Branches:
Dungeon (11/15)            Temple (0/1) D:4            Lair (0/6) D:10
    Orc: D:9-12

Altars:
Dithmenos
Gozag
Qazlal
Xom

Shops:
D:10 [


Innate Abilities, Weirdness & Mutations

You reflexively headbutt those who attack you in melee.
You have a pair of horns on your head.


Message History

The meliai stings you but does no damage.
A big kobold comes into view. It is wielding a +0 short sword.
As you read the scroll labelled RIWAASY QANUCW, it crumbles to dust.
You hear the ringing of an enormous bell.
It was a scroll of random uselessness.
The meliai hits you with a +0 war axe!
* * * LOW HITPOINT WARNING * * *
The meliai stings you but does no damage.
The meliai hits you but does no damage. The meliai closely misses you.
A worker ant zombie comes into view.
Your hell rat bites the centaur!
The centaur dies!
Trog accepts your kill.
A wizard comes into view. It is wielding a +0 falchion.
An ogre comes into view. It is wielding a +0 giant spiked club.
The orc wizard hits your hell rat but does no damage.
Your hell rat is poisoned.
The meliai closely misses you. You furiously retaliate!
You headbutt the meliai, but do no damage.
The meliai stings you!
You die...

####...$#.#
.......#.#
#.....#.#
###.....#.#
........#.# #.
#.....#.#### .
#.....'()(.# #
#.)...#.######...
#
#....or)y@.D.Bo..
#..###p####O####.
.... .#. K. ###.
.# # ..# .. ..
Z.. .# ##


You could see an eight-headed hydra, a wizard, a big kobold, an ogre, a meliai,
a worker ant, an orc wizard, an orc, a worker ant zombie (wandering) and a
friendly hell rat (very poisoned).

Vanquished Creatures
  Gastronok (D:8)
  Fannar (D:10)
  A boulder beetle (D:10)
  Pikel (D:8)
  A manticore (D:11)
  Psyche (D:8)
  A tengu conjurer (D:11)
  Grinder (D:3)
  Prince Ribbit (D:7)
  A wyvern (D:11)
  4 yaks (D:9)
  A steam dragon (D:11)
  2 orc warriors
  The ghost of Descartes the Sneak, an amateur FeWr (D:4)
  2 ice beasts (D:8)
  3 phantoms
  An eye of draining (D:11)
  A necrophage (D:9)
  4 ogres
  The ghost of DearestLeader the Grasshopper, an amateur DrWr of Cheibriados (D:3)
  2 centaurs
  2 big kobolds
  4 bullfrogs
  A scorpion (D:6)
  12 killer bees
  9 wights
  A howler monkey (D:1)
  A bullfrog zombie (D:8)
  3 centaur zombies
  2 centaur skeletons
  4 hounds
  3 orc wizards
  A gnoll shaman (D:9)
  5 orc priests
  4 bullfrog skeletons
  6 jellies
  Jessica (D:2)
  5 iguanas
  8 worker ants
  Natasha (thrice) (D:3)
  Ijyb (D:3)
  3 hell rats (D:5)
  A hound skeleton (D:9)
  Robin (D:2)
  A howler monkey skeleton (D:5)
  4 gnolls (D:9)
  8 adders
  4 river rats (D:5)
  3 shadow imps
  2 white imps
  3 ufetubi
  An ooze (D:5)
  An adder skeleton (D:6)
  2 worms
  The ghost of pablusdiablus the Sneak, a weakling PaDe (D:5)
  3 dart slugs
  7 leopard geckos
  30 orcs
  2 giant cockroaches
  11 goblins
  10 hobgoblins
  11 jackals
  4 quokkas
  5 bats
  5 frilled lizards
  A jackal skeleton (D:7)
  15 kobolds
  A leopard gecko skeleton (D:4)
  18 rats
266 creatures vanquished.

Vanquished Creatures (collateral kills)
  Maggie (D:8)
  A troll (D:11)
  A centaur (D:11)
  A wight (D:6)
  An orc wizard (D:6)
  An orc (D:6)
6 creatures vanquished.

Grand Total: 272 creatures vanquished

Notes
Turn   | Place    | Note
-------+----------+-------------------------------------------
     0 | D:1      | Almogavar the Minotaur Berserker began the quest for the
                  | Orb.
     0 | D:1      | Reached XP level 1. HP: 19/19 MP: 0/0
   357 | D:1      | Reached XP level 2. HP: 16/27 MP: 1/1
   636 | D:1      | Reached skill level 4 in Long Blades
   728 | D:2      | Noticed a howler monkey
   740 | D:1      | Killed a howler monkey
   741 | D:1      | Reached XP level 3. HP: 22/35 MP: 2/2
   905 | D:2      | Reached skill level 5 in Fighting
   905 | D:2      | Reached XP level 4. HP: 18/42 MP: 3/3
   980 | D:2      | Noticed Robin
  1075 | D:2      | Reached ** piety under Trog
  1088 | D:2      | Killed Robin
  1332 | D:2      | Noticed Jessica
  1340 | D:2      | Killed Jessica
  1341 | D:2      | Reached skill level 5 in Long Blades
  1342 | D:2      | Reached XP level 5. HP: 42/48 MP: 4/4
  2317 | D:3      | Noticed Grinder
  2317 | D:3      | Paralysed by Grinder for 6 turns
  2334 | D:3      | Killed Grinder
  2335 | D:3      | Reached skill level 6 in Long Blades
  2335 | D:3      | Reached skill level 1 in Stealth
  2335 | D:3      | Reached XP level 6. HP: 51/57 MP: 5/5
  2729 | D:3      | Noticed Natasha
  2736 | D:3      | Killed Natasha
  2790 | D:3      | Found an opulent altar of Gozag.
  2790 | D:3      | Found a shadowy altar of Dithmenos.
  2790 | D:3      | Found a shimmering altar of Xom.
  2793 | D:3      | Found a runed translucent door.
  2807 | D:3      | Reached *** piety under Trog
  2825 | D:3      | Noticed Natasha
  2833 | D:3      | Killed Natasha
  2844 | D:3      | Noticed Ijyb
  2849 | D:3      | Paralysed by Ijyb for 5 turns
  2861 | D:3      | Killed Ijyb
  2870 | D:3      | Noticed Natasha
  2874 | D:3      | Killed Natasha
  2879 | D:3      | Noticed DearestLeader's ghost (amateur DrWr)
  2912 | D:3      | Reached XP level 7. HP: 63/63 MP: 6/6
  2964 | D:3      | Killed DearestLeader's ghost
  3093 | D:4      | Reached skill level 7 in Long Blades
  3319 | D:4      | Found a staircase to the Ecumenical Temple.
  3352 | D:4      | Found a runed translucent gate.
  3353 | D:4      | Found a runed translucent gate.
  3354 | D:4      | Found a runed translucent gate.
  3354 | D:4      | Noticed Descartes's ghost (amateur FeWr)
  3413 | D:4      | Killed Descartes's ghost
  3807 | D:5      | Entered Level 5 of the Dungeon
  3985 | D:5      | Found the +2 ratskin cloak {*Rats rPois rN+ Str-1 Int-1
                  | Dex+1}
  4228 | D:5      | Found a runed translucent gate.
  4229 | D:5      | Found a runed translucent gate.
  4229 | D:5      | Found an opulent altar of Gozag.
  4232 | D:5      | Found a runed translucent gate.
  4349 | D:5      | Noticed pablusdiablus's ghost (weakling PaDe)
  4448 | D:5      | Reached skill level 8 in Long Blades
  4448 | D:5      | Reached XP level 8. HP: 45/71 MP: 7/7
  4581 | D:5      | Killed pablusdiablus's ghost
  4788 | D:5      | Reached **** piety under Trog
  5010 | D:6      | Reached skill level 5 in Armour
  5106 | D:6      | Reached skill level 1 in Slings
  5711 | D:6      | Reached skill level 9 in Long Blades
  5813 | D:7      | Noticed Prince Ribbit
  5822 | D:7      | Killed Prince Ribbit
  5888 | D:7      | Reached XP level 9. HP: 79/79 MP: 8/8
  5913 | D:7      | Found a shimmering altar of Xom.
  6579 | D:8      | Noticed Maggie
  6611 | D:8      | Reached skill level 5 in Dodging
  6617 | D:8      | Killed Maggie
  6618 | D:8      | Reached skill level 10 in Long Blades
  6622 | D:8      | Noticed Psyche
  6634 | D:8      | Killed Psyche
  6918 | D:8      | Noticed Pikel
  6938 | D:8      | Killed Pikel
  6939 | D:8      | Reached skill level 11 in Long Blades
  6943 | D:8      | Noticed Gastronok
  6968 | D:8      | Killed Gastronok
  6969 | D:8      | Reached XP level 10. HP: 91/91 MP: 9/9
  7072 | D:8      | Found a stormy altar of Qazlal.
  7126 | D:9      | Reached skill level 12 in Long Blades
  7128 | D:9      | Reached ***** piety under Trog
  7281 | D:9      | Reached skill level 5 in Slings
  7995 | D:10     | Entered Level 10 of the Dungeon
  8014 | D:10     | Found Olor's Antique Armour Emporium.
  8136 | D:10     | Received a gift from Trog
  8173 | D:10     | Noticed Fannar
  8194 | D:10     | Killed Fannar
  8195 | D:10     | Reached skill level 13 in Long Blades
  8195 | D:10     | Reached XP level 11. HP: 99/99 MP: 10/10
  8782 | D:10     | Found a staircase to the Lair.
  8790 | D:10     | Noticed a boulder beetle
  8799 | D:10     | Reached skill level 10 in Fighting
  8808 | D:10     | Killed a boulder beetle
  9180 | D:11     | Noticed an eight-headed hydra
  9180 | D:11     | Identified the +5 dagger of Anech {vorpal, rElec rC+}
  9182 | D:11     | Noticed a wizard
  9182 | D:11     | Slain by a meliai

Illustrated notes

Levels and vault maps discovered:
D:1:      lightli_arrival_windingriver, layout_basic
D:2:      minmay_inner_zag, layout_loops_ring, uniq_jessica, uniq_robin
D:3:      layout_basic, chequers_temple_overflow_statue_of_worship,
          ebering_ghost_sewer_d, uniq_ijyb, uniq_natasha, uniq_grinder
D:4:      layout_basic, minmay_temple_entry_slanted, gammafunk_ghost_split
D:5:      wander_guarded_unrand_ratskin, layout_basic, ebering_ghost_gozag
D:6:      layout_basic
D:7:      layout_basic, tgw_xom, uniq_prince_ribbit1
D:8:      layout_rooms, kennysheep_mini, uniq_gastronok, uniq_psyche,
          uniq_pikel, uniq_maggie
D:9:      layout_roguey
D:10:     layout_grid_maze, lair_entry_dummy, serial_shops, shop, nicolae_wwwww,
          uniq_fannar
D:11:     minmay_the_grid_square_5x5_4x4_mashed [minmay_the_grid_square_5x5_c,
          minmay_the_grid_square_5x5_half_checkered,
          minmay_the_grid_square_5x5_two, minmay_the_grid_square_5x5_shrine1,
          minmay_the_grid_square_5x5_minimal,
          minmay_the_grid_square_5x5_prize_junk,
          minmay_the_grid_square_5x5_prize_snowflake,
          minmay_the_grid_square_5x5_inner_i, minmay_the_grid_square_5x5_comb,
          minmay_the_grid_square_5x5_prize_pseudospiral,
          minmay_the_grid_square_5x5_prize_gold,
          minmay_the_grid_square_5x5_trominoes,
          minmay_the_grid_square_5x5_bracketed,
          minmay_the_grid_square_5x5_checkered_sparse,
          minmay_the_grid_square_5x5_pentomino_r,
          minmay_the_grid_square_5x5_spiral], layout_basic, nzn_life_drinkers,
          uniq_sonja

Skill      XL: |  1  2  3  4  5  6  7  8  9 10 11 |
---------------+----------------------------------+-----
Fighting       | 4 5 6 7 9 10 | 10.4
Long Blades    | 4 5 6 8 9 11 13 | 13.9
Dodging        | 3 4 5 6 7 |  7.1
Stealth        | 1 2 |  2.0
Armour         | 4 6 8 9 |  9.1
Slings         | 1 4 5 |  5.2

Action                   |  1- 3 |  4- 6 |  7- 9 | 10-12 || total
-------------------------+-------+-------+-------+-------++-------
Melee: Falchion          |    40 |   104 |   358 |   325 ||   827
       Headbutt          |     4 |    15 |    83 |    74 ||   176
 Fire: Hunting sling     |       |       |    23 |       ||    23
Invok: Berserk           |       |     3 |     5 |     7 ||    15
  Use: Scroll            |       |     3 |     7 |     8 ||    18
       Potion            |       |       |       |     1 ||     1
 Stab: Sleeping          |       |     2 |     2 |       ||     4
Armor: Animal skin       |     2 |    15 |       |       ||    17
       Ring mail         |       |     2 |    54 |       ||    56
       Chain mail        |       |       |    43 |       ||    43
       Acid dragon scale |       |       |    17 |   103 ||   120
Dodge: Dodged            |    32 |    57 |   188 |   177 ||   454
       Rpst.: Falchion   |     6 |     9 |    49 |    33 ||    97
